 Dungeon Crawl Stone Soup version 0.17.1-1-g73c8601 (webtiles) character file.

137 Andry07 the Shield-Bearer (level 5, -7/27 HPs)
             Began as a Vine Stalker Fighter on Dec 30, 2015.
             Killed from afar by a ynoxinul (25 damage)
             ... with an iron shot
             ... on level 1 of the Abyss.
             The game lasted 00:03:40 (1390 turns).

Andry07 the Shield-Bearer (Vine Stalker Fighter)    Turns: 1390, Time: 00:03:40

Health: -7/27      AC: 10    Str: 19    XL:     5   Next: 20%
Magic:  0/6        EV:  8    Int:  8    God:
Gold:   171        SH:  9    Dex: 14    Spells: 0 memorised, 4 levels left

rFire  . . .     SeeInvis .     a - +0 long sword
rCold  . . .     Clarity  .     b - +0 scale mail
rNeg   . . .     SustAt   .     c - +0 shield
rPois  .         Gourm    .     o - +2 helmet
rElec  .         Spirit   +     (no cloak)
rCorr  .         Warding  .     (no gloves)
rMut   .         Stasis   .     (no boots)
MR     .....                    (no amulet)
Stlth  ..........               (no ring)
                                (no ring)

@: not resistant to hostile enchantments, extremely unstealthy
A: fangs 2, regeneration 1, magic shield, antimagic bite, no device heal 3, rot
immunity
a: no special abilities


You were on level 1 of the Abyss.
You were hungry.

You visited 1 branch of the dungeon, and saw 3 of its levels.
You visited the Abyss 1 time.

You collected 171 gold pieces.

Inventory:

Hand Weapons
 a - a +0 long sword (weapon)
 n - a +2 mace of holy wrath
Armour
 b - a +0 scale mail (worn)
 c - a +0 shield (worn)
 o - a +2 helmet (worn)
Jewellery
 i - an uncursed amulet of clarity {unknown}
 t - an uncursed ring of stealth {unknown}
Scrolls
 g - 2 scrolls of magic mapping {unknown}
 h - 2 scrolls of recharging {unknown}
 l - 3 scrolls of remove curse {unknown}
 p - 2 scrolls of teleportation {unknown}
 q - 2 scrolls of noise {unknown}
 s - a scroll of amnesia {unknown}
Potions
 d - a potion of might
 m - a potion of curing {unknown}
Books
 u - a Necronomicon

   Spells                             Type                      Level
   a - Haunt                          Necromancy/Summoning         7
   b - Borgnjor's Revivification      Necromancy                   8
   c - Death's Door                   Charms/Necromancy            8
   d - Necromutation                  Transmutation/Necromancy     8
Comestibles
 e - 3 bread rations
 f - a meat ration
 j - a beef jerky
 k - 2 fruits
 r - a slice of pizza


   Skills:
 - Level 2.6 Fighting
 + Level 2.2 Long Blades
 + Level 3.4 Armour
 + Level 1.5 Dodging
 + Level 0.3 Stealth
 + Level 3.6 Shields


You had 4 spell levels left.
You didn't know any spells.

Dungeon Overview and Level Annotations

Branches:
Dungeon (3/15)

Altars:


Innate Abilities, Weirdness & Mutations

You have extremely sharp teeth.
Your natural rate of healing is unusually fast.
When hurt, damage is shared between your health and your magic reserves.
Your bite disrupts and absorbs the magic of your enemies.
Potions and wands cannot restore your health.
You are immune to rotting.


Message History

Ouch! That really hurt!
You hit the small abomination. Your bite misses the small abomination.
The small abomination is severely damaged.
You block the small abomination's attack.
You closely miss the small abomination.
You bite the small abomination, but do no damage.
The small abomination is severely damaged.
You block the small abomination's attack.
You slash the small abomination!
You destroy the small abomination!
You have reached level 5!
A tentacled starspawn comes into view.
A tentacle flies out from the starspawn's body!
A neqoxec and a ynoxinul come into view.
The ynoxinul bellows!
The ynoxinul gestures.
The ynoxinul gestures at you. The iron shot hits you!
Ouch! That really hurt!
You die...

# .. #.3#..##...#. .
.... #..#.#.#X.# .#
#.#. #..##.......## .
#.#.##..##.##.#.## .
#... ...#..w ..#.##.
####..##.##..#.......
.
##..#...#.#......#..#
.
.........#.#....###.
# # ...#..@.######.#
### # ###.#.# #.#
..### #.. ..#. .##
3## # . .# #5 .


You could see a ynoxinul and an ufetubus.

Vanquished Creatures
  A small abomination (Abyss:1)
  Crazy Yiuf (D:2)
  An orc priest (D:3)
  2 adders (D:2)
  A worm (D:2)
  2 giant geckos (D:1)
  2 hobgoblins
  3 kobolds
  2 ball pythons (D:1)
  3 bats
  2 giant cockroaches
  A giant newt (D:1)
  9 goblins
  5 rats
35 creatures vanquished.

Vanquished Creatures (others)
  2 starspawn tentacles (Abyss:1)
2 creatures vanquished.

Grand Total: 37 creatures vanquished

Notes
Turn   | Place    | Note
--------------------------------------------------------------
     0 | D:1      | Andry07 the Vine Stalker Fighter began the quest for the Orb.
     0 | D:1      | Reached XP level 1. HP: 11/11 MP: 2/2
   208 | D:1      | Reached XP level 2. HP: 16/16 MP: 3/3
   698 | D:2      | Reached skill level 3 in Armour
   698 | D:2      | Reached XP level 3. HP: 17/19 MP: 4/4
   903 | D:2      | Noticed Crazy Yiuf
   914 | D:2      | Killed Crazy Yiuf
   914 | D:2      | Reached skill level 1 in Dodging
   914 | D:2      | Reached XP level 4. HP: 4/23 MP: 2/5
  1251 | D:3      | Cast into the Abyss (orc)
  1314 | Abyss:1  | Noticed a neqoxec
  1376 | Abyss:1  | Reached XP level 5. HP: 14/27 MP: 2/6
  1379 | Abyss:1  | Noticed a tentacled starspawn
  1389 | Abyss:1  | Noticed a neqoxec
  1389 | Abyss:1  | Noticed a ynoxinul
  1390 | Abyss:1  | Killed from afar by a ynoxinul

Action                   |  1- 3 |  4- 6 || total
-------------------------+-------+-------++-------
Melee: Long sword        |    53 |    26 ||    79
       Mace              |     9 |       ||     9
  Eat: Chunk             |       |     1 ||     1
